 Dungeon Crawl Stone Soup version 0.31.0 (webtiles) character file.

Game seed: 16468285952651721054

373 qw the Shooter (level 6, -10/38 HPs)
             Began as a Gargoyle Hunter on Jan 19, 2024.
             Mangled by a gnoll sergeant
             ... wielding a +0 trident
              (11 damage)
             ... on level 3 of the Dungeon.
             The game lasted 00:00:12 (2208 turns).

qw the Shooter (Gargoyle Hunter)                    Turns: 2208, Time: 00:00:13

Health: -10/38     AC:  9    Str: 20    XL:     6   Next: 72%
Magic:  6/6        EV: 11    Int: 10    God:
Gold:   228        SH:  0    Dex: 15    Spells: 5/5 levels left

rFire   . . .        a - +1 shortbow
rCold   . . .        (shield currently unavailable)
rNeg    + . .        b - +0 ring mail
rPois   inf          (no helmet)
rElec   +            (no cloak)
rCorr   .            (no gloves)
SInv    .            (no boots)
Will    .....        (no amulet)
Stlth   +            k - +6 ring of strength
HPRegen 0.26/turn    (no ring)
MPRegen 0.10/turn

%: no passive effects
@: no status effects
A: sickness immunity, AC +4, negative energy resistance 1, electricity
resistance, torment resistance 1, petrification resistance
a: no special abilities


You were on level 3 of the Dungeon.
You visited 1 branch of the dungeon, and saw 4 of its levels.

You collected 228 gold pieces.


Innate Abilities, Weirdness & Mutations

You are immune to sickness and miasma.
Your stone body is resilient. (AC +4)
You are immune to poison.
You resist negative energy. (rN+)
You are resistant to electric shocks. (rElec)
You are resistant to unholy torment.
You are immune to petrification.


   Skills:
 - Level 4.0 Fighting
 + Level 7.0 Ranged Weapons
 - Level 1.1 Armour
 - Level 1.5 Dodging
 - Level 1.1 Stealth


You had 5 spell levels left.
You didn't know any spells.
Your spell library was empty.

Inventory:

Hand Weapons
 a - a +1 shortbow (weapon)
Armour
 b - a +0 ring mail (worn)
Jewellery
 k - a +6 ring of strength (left hand)
Scrolls
 c - a scroll of identify
Potions
 f - 2 potions of haste
 h - 2 potions of attraction {unknown}

Dungeon Overview and Level Annotations

Branches:
Dungeon (4/15)
 Temple: D:4-7

Altars:


Message History

You shoot an arrow. The arrow hits the gnoll sergeant!
The gnoll sergeant is moderately wounded.
The gnoll sergeant misses you.
You shoot an arrow.
The arrow barely misses the gnoll sergeant.
The arrow hits the gnoll!
The gnoll is almost dead.
The gnoll sergeant closely misses you.
The gnoll sergeant hits you from afar with a +0 trident!
2201 ||| DRINKING potion of heal wounds.
You feel much better.
The gnoll sergeant hits you from afar with a +0 trident.
You shoot an arrow.
The arrow barely misses the gnoll sergeant.
The arrow hits the gnoll but does no damage.
The gnoll is almost dead.
The gnoll sergeant closely misses you.
You shoot an arrow.
The arrow closely misses the gnoll sergeant.
The arrow hits the gnoll but does no damage.
The gnoll is almost dead.
The gnoll sergeant misses you.
You shoot an arrow. The arrow hits the gnoll sergeant.
The gnoll sergeant is heavily wounded.
The gnoll sergeant hits you from afar with a +0 trident!
You shoot an arrow. The arrow hits the gnoll sergeant.
The gnoll sergeant is heavily wounded.
The gnoll sergeant hits you but does no damage.
You shoot an arrow.
The arrow hits the gnoll sergeant but does no damage.
The gnoll sergeant is heavily wounded.
The gnoll sergeant hits you from afar with a +0 trident!
You shoot an arrow.
The arrow hits the gnoll sergeant but does no damage.
The gnoll sergeant is heavily wounded.
The gnoll sergeant barely misses you.
You shoot an arrow. The arrow hits the gnoll sergeant.
The gnoll sergeant is heavily wounded.
The gnoll sergeant hits you from afar with a +0 trident!
You die...

%.............#
.#####.#..###.#
.####..#..##
###... ##..#
#.## #..## #.#
##..## #.#
#...##### ##.#
#.#.....# ##..#
#.#####@##
....#### #..
#..#
.......####.
##g#
.~~~~~~~~~#.


gg. ~~~~~~~~###.# ###gr ~.~.%..## gg. ...~~#.# S. ....##... g .#### #### You
could see a gnoll sergeant and 2 gnolls.

Vanquished Creatures
  An ogre (D:4)
  A bullfrog (D:4)
  A howler monkey (D:3)
  A bombardier beetle (D:3)
  A jelly (D:4)
  An iguana (D:4)
  A gnoll (D:3)
  3 adders
  2 ribbon worms
  2 dart slugs
  6 bats
  6 endoplasms
  4 giant cockroaches
  5 goblins
  4 hobgoblins
  8 kobolds
  A quokka (D:3)
  10 ball pythons
  2 frilled lizards (D:3)
  2 rats
62 creatures vanquished.

Notes
Turn   | Place    | Note
-------+----------+-------------------------------------------
     0 | D:1      | qw the Gargoyle Hunter began the quest for the Orb.
     0 | D:1      | Reached XP level 1. HP: 12/12 MP: 1/1
     0 | D:1      | 0 ||| qw: Version: 0.3-a-132-g3d54051
     0 | D:1      | 0 ||| qw: Game counter: 257
     0 | D:1      | 0 ||| qw: Melee chars always use a shield: true
     0 | D:1      | 0 ||| qw: God list: Okawaru
     0 | D:1      | 0 ||| qw: Allow faded altars: false
     0 | D:1      | 0 ||| qw: Do Orc after clearing Dungeon:15 true
     0 | D:1      | 0 ||| qw: Do second Lair branch before Depths: true
     0 | D:1      | 0 ||| qw: Lair rune preference: random
     0 | D:1      | 0 ||| qw: Goals: Normal
     0 | D:1      | 0 ||| PLANNING D:1-11
    62 | D:1      | 62 ||| RETREEEEATING.
    74 | D:1      | Reached XP level 2. HP: 14/17 MP: 2/2
   460 | D:1      | 460 ||| DROPPING amulet of magic regeneration.
   461 | D:1      | 461 ||| READING scroll labelled JIRIOLEOTT.
   462 | D:1      | 462 ||| READING 4 scrolls labelled QEGUOPS INUI.
   463 | D:1      | 463 ||| READING scroll labelled ZIRUAT BEMAHAPP.
   463 | D:1      | 463 ||| ENCHANTING +0 shortbow.
   464 | D:1      | 464 ||| READING scroll labelled WALUMOCVOR.
   465 | D:1      | 465 ||| READING scroll labelled CALUYNGOAJ.
   466 | D:1      | 466 ||| READING scroll labelled PEOR VAMAMANE.
   466 | D:1      | 466 ||| IDENTIFYING sedimented inky potion
   467 | D:1      | 467 ||| DROPPING scroll of butterflies.
   468 | D:1      | 468 ||| DROPPING 3 scrolls of fear.
   545 | D:2      | Reached XP level 3. HP: 21/21 MP: 3/3
   632 | D:2      | Reached skill level 5 in Ranged Weapons
   675 | D:2      | You fall into a shaft and drop 2 floors!
   690 | D:4      | 690 ||| PLANNING SEWER
   761 | D:4      | Reached skill level 3 in Fighting
   761 | D:4      | Reached XP level 4. HP: 28/28 MP: 4/4
   827 | D:4      | Noticed a bullfrog
   836 | D:4      | Killed a bullfrog
   837 | D:4      | Reached XP level 5. HP: 21/32 MP: 5/5
   837 | D:4      | 837 ||| FLEEEEING.
  1041 | D:4      | Noticed an ogre
  1046 | D:4      | HP: 4/32 [ogre/+0 giant club (28)]
  1047 | D:4      | Killed an ogre
  1048 | D:4      | Reached skill level 6 in Ranged Weapons
  1048 | D:4      | Reached XP level 6. HP: 6/37 MP: 6/6
  1048 | D:4      | 1048 ||| FLEEEEING.
  1319 | D:4      | 1319 ||| RIP SEWER
  1361 | D:4      | 1361 ||| PLANNING D:1-11
  1361 | D:4      | 1361 ||| FLEEEEING.
  1371 | D:4      | 1371 ||| FLEEEEING.
  1372 | D:4      | 1372 ||| FLEEEEING.
  1373 | D:4      | 1373 ||| FLEEEEING.
  1374 | D:4      | 1374 ||| FLEEEEING.
  1375 | D:4      | 1375 ||| FLEEEEING.
  1376 | D:4      | 1376 ||| FLEEEEING.
  1377 | D:4      | 1377 ||| FLEEEEING.
  1438 | D:4      | 1438 ||| FLEEEEING.
  1448 | D:4      | 1448 ||| UPGRADING to +0 ring mail.
  1458 | D:4      | 1458 ||| FLEEEEING.
  1468 | D:4      | 1468 ||| DROPPING +0 leather armour.
  1469 | D:4      | 1469 ||| FLEEEEING.
  1479 | D:4      | 1479 ||| DROPPING scarf of harm.
  1480 | D:4      | 1480 ||| FLEEEEING.
  1490 | D:4      | 1490 ||| DROPPING ring of magical power.
  1491 | D:4      | 1491 ||| FLEEEEING.
  1501 | D:4      | 1501 ||| UPGRADING to +6 ring of strength.
  1502 | D:4      | 1502 ||| FLEEEEING.
  1512 | D:4      | 1512 ||| READING scroll of identify.
  1512 | D:4      | 1512 ||| IDENTIFYING blue potion
  1513 | D:4      | 1513 ||| FLEEEEING.
  1523 | D:4      | 1523 ||| READING scroll labelled XADAHO WIRU.
  1524 | D:4      | 1524 ||| FLEEEEING.
  1589 | D:3      | 1589 ||| FLEEEEING.
  1591 | D:3      | 1591 ||| STAIRDANCE
  1667 | D:2      | Found a faded altar of an unknown god.
  1852 | D:3      | Reached skill level 1 in Armour
  1952 | D:3      | 1952 ||| FLEEEEING.
  2187 | D:3      | 2187 ||| RETREEEEATING.
  2192 | D:3      | Reached skill level 7 in Ranged Weapons
  2200 | D:3      | HP: 4/38 [gnoll sergeant/+0 trident (9)]
  2201 | D:3      | 2201 ||| DRINKING potion of heal wounds.
  2206 | D:3      | HP: 1/38 [gnoll sergeant/+0 trident (10)]
  2208 | D:3      | Mangled by a gnoll sergeant

Levels and vault maps discovered:
D:1:      nagdon_arrival_zigzag_paths, layout_rooms
D:2:      layout_rooms, chequers_ecumenical_altar_island
D:3:      layout_rooms, chequers_serial_rivers_small_3, grunt_ministairs_7
D:4:      minmay_evil_eye, layout_loops_ring, cheibrodos_sewer_entry_bend

Skill      XL: |  1  2  3  4  5  6 |
---------------+-------------------+-----
Ranged Weapons | 5 6 7 |  7.0
Fighting       | 3 4 |  4.0
Armour         | 1 |  1.1
Dodging        | |  1.5
Stealth        | |  1.1

Action                     |  1- 3 |  4- 6 || total
---------------------------+-------+-------++-------
   Fire: Shortbow          |    77 |   135 ||   212
    Use: Scroll            |     6 |     2 ||     8
         Potion            |       |     1 ||     1
 Armour: Leather armour    |     9 |     9 ||    18
         Ring mail         |       |    31 ||    31
  Dodge: Dodged            |     8 |    29 ||    37

Table legend:
 A = Non-vault XP
 B = Vault XP
 C = Vault XP percentage of total XP
 D = Non-vault monster count
 E = Vault monster count
 F = Vault count percentage of total count
                 A         B        C        D         E       F
            +---------+---------+-------+---------+---------+-------
      Total |     491 |      43 |   8.1 |      58 |       4 |   6.5
            +---------+---------+-------+---------+---------+-------
        D:1 |      27 |       0 |   0.0 |      17 |       0 |   0.0
        D:2 |      55 |       0 |   0.0 |      15 |       0 |   0.0
        D:3 |     153 |       4 |   2.5 |      16 |       2 |  11.1
        D:4 |     256 |      39 |  13.2 |      10 |       2 |  16.7
            +---------+---------+-------+---------+---------+-------
